 Dungeon Crawl Stone Soup version 0.31-a0-431-g88bdf31460 (webtiles) character file.

Game seed: 8544309030942365126

420 Flugkiller the Changeling (level 6, 0/36 HPs)
             Began as a Deep Elf Shapeshifter on July 31, 2023.
             Was a Follower of Wu Jian.
             Slain by an orc
             ... wielding a +0 flail
              (6 damage)
             ... on level 4 of the Dungeon.
             The game lasted 00:03:37 (3025 turns).

Flugkiller the Changeling (Deep Elf Shapeshifter)   Turns: 3025, Time: 00:03:38

Health: 0/36       AC:  5    Str: 18    XL:     6   Next: 62%
Magic:  13/13      EV: 11    Int: 13    God:    Wu Jian [*.....]
Gold:   205        SH:  0    Dex: 17    Spells: 10/11 levels left

rFire   . . .        a - +1 short sword (venom)
rCold   + . .        (no shield)
rNeg    . . .        f - +0 ring mail
rPois   .            (helmet currently unavailable)
rElec   .            (cloak currently unavailable)
rCorr   .            (gloves currently unavailable)
SInv    .            (boots currently unavailable)
Will    .....        (no amulet)
Stlth   +            k - +6 ring of strength
HPRegen 0.26/turn    p - ring of protection from cold
MPRegen 0.13/turn

%: no passive effects
@: beast-form
A: beast (slay +3)
a: Begin Untransformation, Renounce Religion


You were on level 4 of the Dungeon.
You worshipped Wu Jian.
Wu Jian was aware of your devotion.
You were a hulking beast.
You visited 1 branch of the dungeon, and saw 4 of its levels.

You collected 205 gold pieces.

Inventory:

Hand Weapons
 a - a +1 short sword of venom (weapon)
   (You found it on level 1 of the Dungeon)
Armour
 f - a +0 ring mail (worn)
   (You found it on level 1 of the Dungeon)
Jewellery
 i - a ring of ice
   (You found it on level 2 of the Dungeon)
 k - a +6 ring of strength (left hand)
   (You found it on level 2 of the Dungeon)
 p - a ring of protection from cold (right hand)
   (You found it on level 1 of the Dungeon)
Talismans
 c - a beast talisman (active)
 l - a blade talisman
   (You found it on level 3 of the Dungeon)
Scrolls
 d - 2 scrolls of teleportation {unknown}
 e - a scroll of torment
 h - 2 scrolls of fog
 j - a scroll of enchant armour
 m - a scroll of summoning
 n - a scroll of amnesia
Potions
 b - a potion of lignification
 g - a potion of berserk rage
 w - 2 potions of heal wounds


   Skills:
 + Level 2.9 Fighting
 - Level 2.0 Short Blades
 - Level 2.4 Dodging
 - Level 2.5 Unarmed Combat
 + Level 3.4 Spellcasting
 + Level 2.8 Ice Magic
 + Level 4.5 Shapeshifting


You had 10 spell levels left.
You knew the following spells:

 Your Spells              Type           Power      Damage    Failure   Level
a - Freeze                Ice            36%        1d5       12%         1

Your spell library contained the following spells:

 Spells                   Type           Power      Damage    Failure   Level
 Kiss of Death            Conj/Necr      8%         2d6       36%         1
 Frozen Ramparts          Ice            18%        1d3       36%         3
 Hailstorm                Conj/Ice       5%         3d4       54%         3
 Confusing Touch          Hex            2%         N/A       75%         3
 Summon Ice Beast         Ice/Summ       5%         N/A       91%         4
 Dispel Undead            Necr           2%         3d7       98%         4
 Petrify                  Tmut/Erth      2%         N/A       98%         4
 Metabolic Englaciation   Hex/Ice        2%         N/A       99%         5
 Summon Mana Viper        Hex/Summ       2%         N/A       100%        5
 Monstrous Menagerie      Summ           1%         N/A       100%        7


Dungeon Overview and Level Annotations

Branches:
Dungeon (4/15) Zot: 20985  Temple (0/1) D:4

Altars:
Cheibriados
Elyvilon
Trog
Wu Jian


Message History

The bullfrog hits you. The bullfrog closely misses you.
You hit the bullfrog.
You kill the bullfrog!
The Council accepts your kill.
You have reached level 6!
Magic restored.
Found 7 stones.
Found a stone staircase leading up.
Found a +0 dagger.
An orc comes into view. It is wielding a +0 falchion.
The orc shouts!
An orc is nearby!
An ufetubus comes into view.
You lunge at the orc.
You hit the orc.
The orc is poisoned.
The orc is almost dead.
You kill the orc!
The Council accepts your kill. The ufetubus misses you.
The ufetubus closely misses you.
You closely miss the ufetubus. The ufetubus hits you.
The ufetubus barely misses you.
You barely miss the ufetubus. The ufetubus barely misses you.
The ufetubus hits you.
You puncture the ufetubus!
You kill the ufetubus!
The Council accepts your kill.
You can now lightly attack monsters by moving around them.
Your Spellcasting skill increases to level 3!
No target in view!
You see here a +0 falchion.
No target in view!
Found a snail-covered altar of Cheibriados.
Found 16 gold pieces.
Found a white marble altar of Elyvilon.
Found 9 gold pieces.
No target in view!
No target in view!
There is a white marble altar of Elyvilon here.
A scorpion comes into view.
A scorpion is nearby!
A scorpion is nearby!
You hit the scorpion.
The scorpion is poisoned.
The scorpion is moderately wounded.
The scorpion stings you.
You are poisoned.
The scorpion poisons you!
You closely miss the scorpion.
The scorpion is moderately wounded.
You feel sick. The scorpion barely misses you.
You hit the scorpion.
The scorpion looks as sick as possible!
The scorpion is almost dead.
You feel sick.
You kill the scorpion!
The Council accepts your kill.
You start resting.
You feel sick. x5
You are no longer poisoned.
You start resting.
HP restored.
Found 2 white potions.
A scorpion comes into view.
A scorpion is nearby!
A scorpion is nearby!
You lunge at the scorpion.
You barely miss the scorpion. The scorpion stings you.
You are poisoned.
The scorpion poisons you!
You barely miss the scorpion.
You feel very sick. The scorpion stings you!
You hit the scorpion.
The scorpion is poisoned.
The scorpion is lightly wounded.
You feel sick. The scorpion barely misses you.
You are too injured to fight recklessly!
You are too injured to fight recklessly!
You closely miss the scorpion.
The scorpion is moderately wounded.
You feel sick.
The scorpion stings you but does no damage.
You hit the scorpion.
The scorpion looks as sick as possible!
The scorpion is heavily wounded.
You feel sick. The scorpion stings you. The scorpion misses you.
You barely miss the scorpion.
The scorpion is almost dead.
You feel sick.
You kill the scorpion!
The Council accepts your kill.
You feel sick.
You start resting.
You feel sick. x4
You are no longer poisoned.
You start resting.
Magic restored.
You start resting.
An orc is nearby!
An orc is nearby!
The orc hits you with a +0 flail.
* * * LOW HITPOINT WARNING * * *
You barely miss the orc. The orc hits you with a +0 flail.
* * * LOW HITPOINT WARNING * * *
You hit the orc.
The orc is poisoned.
The orc is moderately wounded.
The orc hits you with a +0 flail.
You die...

....#)......#...#
#######.........#
#.o...#...# ###
#.###)# ... .!#
#.#...#.# #.#
#.#>###.# #.#
#####.#.....# #.#
...........######o###
.............†..h...#
...........######.#.#
#####.............#.#
#######.###########.#
......(.# #....#
######### #.#### #
####.# ##### #....#
....# #.####


You could see an orc (very poisoned).

Vanquished Creatures
  A bullfrog (D:4)
  2 scorpions (D:4)
  An orc priest (D:4)
  2 orc wizards (D:4)
  4 gnolls (D:3)
  4 adders
  An ufetubus (D:4)
  2 worms (D:3)
  2 dart slugs
  6 orcs
  3 bats
  7 endoplasms
  2 giant cockroaches
  5 goblins
  5 hobgoblins
  5 jackals
  A quokka (D:1)
  3 ball pythons
  10 kobolds
  6 rats
72 creatures vanquished.

Notes
Turn   | Place    | Note
-------+----------+-------------------------------------------
     0 | D:1      | Flugkiller the Deep Elf Shapeshifter began the quest for
                  | the Orb.
     0 | D:1      | Reached XP level 1. HP: 11/11 MP: 3/3
   107 | D:1      | Reached skill level 1 in Fighting
   209 | D:1      | Reached XP level 2. HP: 16/16 MP: 4/4
  1148 | D:2      | Reached XP level 3. HP: 20/20 MP: 5/5
  1445 | D:2      | Learned a level 1 spell: Freeze
  1722 | D:3      | Found a bloodstained altar of Trog.
  1892 | D:3      | Reached skill level 1 in Short Blades
  1922 | D:3      | Reached skill level 1 in Spellcasting
  1922 | D:3      | Reached XP level 4. HP: 24/26 MP: 7/7
  2028 | D:3      | Reached skill level 1 in Ice Magic
  2059 | D:3      | Found an ornate altar of the Wu Jian Council.
  2117 | D:3      | Reached skill level 4 in Shapeshifting
  2140 | D:3      | Became a worshipper of the Wu Jian Council
  2369 | D:4      | Reached XP level 5. HP: 26/30 MP: 9/9
  2707 | D:4      | Found a staircase to the Ecumenical Temple.
  2794 | D:4      | Reached XP level 6. HP: 26/36 MP: 10/12
  2853 | D:4      | Reached * piety under Wu Jian
  2860 | D:4      | Found a snail-covered altar of Cheibriados.
  2861 | D:4      | Found a white marble altar of Elyvilon.
  3025 | D:4      | Slain by an orc

Illustrated notes

Levels and vault maps discovered:
D:1:      dpeg_arrival_chambers_temple_mockup, layout_basic
D:2:      layout_basic
D:3:      layout_rooms, trog_book, mainiacjoe_overflow_alcove_1, serial_curves,
          eino_curves_04, eino_curves_01
D:4:      layout_basic, grunt_temple_overflow_open, temple_doors_e,
          chequers_serial_rivers_small_3, minmay_fractal_squares_diagonal_5

Skill      XL: |  1  2  3  4  5  6 |
---------------+-------------------+-----
Fighting       | 1 2 |  2.9
Short Blades   | 1 2 |  2.0
Spellcasting   | 1 2 3 |  3.4
Ice Magic      | 1 2 |  2.8
Shapeshifting  | 4 |  4.5
Dodging        | |  2.4
Unarmed Combat | |  2.5

Action                     |  1- 3 |  4- 6 || total
---------------------------+-------+-------++-------
  Melee: Unarmed           |    10 |       ||    10
         Short sword       |    71 |   107 ||   178
         Punch             |     1 |     4 ||     5
Ability: Lunge             |       |     7 ||     7
    Use: Scroll            |     5 |     3 ||     8
 Armour: Animal skin       |     6 |       ||     6
         Ring mail         |    26 |    22 ||    48
  Dodge: Dodged            |    50 |    39 ||    89

Table legend: (Time is in decaauts)
 A = Elapsed time spent in this place.
 B = Non-inter-level travel time spent in this place.
 C = Inter-level travel time spent in this place.
 D = Time resting spent in this place.
 E = Time spent auto-exploring this place.
 F = Levels seen in this place.
 G = Mean time per level.
                   A        B        C        D        E       F      G
               +--------+--------+--------+--------+--------+-----+--------+
         Total |   3013 |   2968 |     45 |    485 |   1903 |   4 |  753.2 |
       Dungeon |   3013 |   2968 |     45 |    485 |   1903 |   4 |  753.2 |
               +--------+--------+--------+--------+--------+-----+--------+

Top non-repeatable levels by time:
     D:1: 924 daAuts
     D:4: 716 daAuts
     D:2: 687 daAuts
     D:3: 684 daAuts
